Map: Hardwire LE

Players

Spirit (souL)

  • Race: Terran Terran

herO - Winner!

  • Race: Protoss Protoss

Event: TSL 8

VOD

Have the link to the VOD?

Description

Time

  • Played on: Dec. 5, 2021, 11:49 a.m.
  • Length: 17:20

All games in this series

Show
View Real Time Build Order
Export as new Build Order

Spirit Terran 

Build Orders:  

Get SALT Encoding   

  12  0:00  SCV  
  13  0:12  SCV  
  14  0:17  Supply Depot  
  14  0:24  SCV  
  15  0:38  SCV  
  15  0:40  Barracks  
  16  0:50  SCV  
  16  0:52  Refinery  
  17  1:03  SCV  
  18  1:13  Engineering Bay  
  18  1:15  SCV  
  19  1:28  Marine, Orbital Command  
  20  1:47  Barracks Reactor  
  20  1:55  SCV  
  21  2:02  Command Center  
  21  2:08  SCV  
  21  2:09  Supply Depot  
  22  2:18  Factory  
  22  2:21  SCV  
  23  2:31  Marine x2  
  23  2:33  SCV, Bunker  
  26  2:40  Refinery  
  25  2:45  SCV  
  25  2:49  Marine x2  
  28  2:57  SCV  
  29  3:02  Hellion  
  29  3:03  Starport  
  31  3:13  Marine x2  
  31  3:14  Orbital Command  
  31  3:17  SCV  
  34  3:23  Widow Mine  
  36  3:29  SCV  
  36  3:33  Marine x2  
  39  3:40  Medivac  
  41  3:41  SCV  
  41  3:42  SCV  
  41  3:44  Widow Mine  
  45  3:49  Supply Depot  
  45  3:51  Marine  
  46  3:57  Marine  
  46  3:58  SCV  
  46  4:02  Supply Depot  
  46  4:07  Barracks  
  46  4:10  SCV x2  
  46  4:14  Viking  
  46  4:16  Factory Tech Lab  
  50  4:22  Supply Depot, SCV  
  50  4:23  SCV, Marine  
  53  4:24  Marine  
  54  4:33  Barracks  
  54  4:35  SCV  
  54  4:38  SCV, Engineering Bay  
  56  4:43  Siege Tank  
  59  4:47  SCV  
  59  4:50  SCV  
  59  4:52  Supply Depot, Marine  
  62  4:55  Marine  
  62  4:59  SCV  
  60  5:01  Barracks Tech Lab  
  60  5:02  SCV  
  60  5:06  Terran Infantry Weapons Level 1  
  61  5:10  Missile Turret, Refinery, Starport Tech Lab  
  61  5:11  SCV  
  61  5:14  SCV, Refinery  
  62  5:16  Marine x2  
  62  5:20  Stimpack  
  64  5:23  Marine  
  64  5:24  SCV  
  66  5:32  Factory Reactor  
  66  5:33  Combat Shield  
  66  5:34  Marine  
  67  5:36  Marauder, Marine  
  67  5:38  SCV  
  67  5:41  SCV  
  67  5:42  Starport Reactor  
  72  5:43  Marine  
  73  5:52  Marine  
  73  5:54  Marine  
  73  5:55  Supply Depot x2  
  75  5:58  Marauder, SCV x2  
  75  6:03  Marauder  
  81  6:09  Marine  
  82  6:12  Widow Mine x2  
  82  6:16  SCV x2, Marine  
  89  6:18  Medivac x2  
  89  6:19  Marauder  
  89  6:21  Supply Depot  
  89  6:22  Supply Depot  
  95  6:26  Marauder  
  95  6:27  Marine  
  95  6:28  SCV  
  95  6:29  SCV  
  100  6:43  Marauder  
  102  6:49  Marauder  
  102  6:51  Supply Depot  
  102  6:52  Command Center, Marine  
  105  6:55  Marine  
  105  7:00  Concussive Shells  
  106  7:01  SCV  
  106  7:04  Marauder  
  106  7:06  Medivac x2  
  106  7:07  Widow Mine x2  
  117  7:10  Marine  
  117  7:13  SCV  
  117  7:15  Supply Depot, Marine  
  119  7:16  SCV  
  119  7:21  Marine  
  119  7:25  Supply Depot, SCV  
  119  7:29  Widow Mine, SCV, Marine  
  123  7:36  Medivac  
  123  7:37  SCV, Marine  
  125  7:42  SCV, Barracks  
  125  7:43  Medivac  
  126  7:44  Barracks  
  126  7:46  Marine  
  126  7:50  SCV  
  128  7:53  Widow Mine  
  128  7:54  Widow Mine, SCV  
  128  7:56  Terran Infantry Armor Level 1  
  128  7:58  Marine  
  134  8:01  Marine  
  134  8:02  SCV, Marine  
  134  8:05  Marine  
  133  8:06  SCV, Medivac  
  128  8:14  SCV  
  128  8:15  Widow Mine  
  128  8:16  Marine, Orbital Command  
  128  8:18  SCV  
  132  8:21  Marauder, Marine  
  132  8:24  Widow Mine, Marine  
  132  8:26  SCV  
  139  8:30  SCV  
  139  8:31  Marine  
  139  8:32  Marine  
  139  8:33  Marine  
  134  8:36  Widow Mine  
  134  8:38  SCV  
  134  8:39  Marauder  
  134  8:42  SCV, Marine x2  
  134  8:45  Widow Mine  
  132  8:49  Marine  
  132  8:50  SCV  
  132  8:51  Marine  
  132  8:52  Medivac  
  132  8:53  Medivac  
  132  8:54  Marine  
  131  8:58  Widow Mine  
  131  8:59  Marine  
  131  9:00  Marauder  
  131  9:02  Marauder  
  134  9:04  SCV  
  134  9:06  Ghost Academy  
  134  9:07  Widow Mine  
  134  9:09  Marine  
  139  9:16  Barracks Tech Lab  
  139  9:17  Barracks Reactor  
  138  9:19  Widow Mine  
  138  9:22  Marauder  
  138  9:23  Marauder, Armory  
  138  9:24  Marine  
  144  9:26  Refinery  
  144  9:27  Refinery  
  145  9:32  Liberator x2  
  145  9:36  Ghost  
  151  9:43  Marauder  
  151  9:45  Marauder  
  146  9:49  Marine  
  147  9:55  Bunker  
  147  9:57  Marine  
  147  9:58  Reaper x2  
  150  10:04  Marauder  
  150  10:05  Marauder  
  150  10:06  Marauder, Marine  
  151  10:08  Supply Depot  
  151  10:10  Supply Depot  
  134  10:15  Liberator  
  134  10:16  SCV  
  134  10:19  Medivac  
  140  10:21  SCV  
  140  10:23  SCV, Command Center  
  140  10:26  Marauder  
  140  10:27  Marauder, Marine  
  140  10:28  Marauder, SCV, Marine  
  149  10:33  SCV, Marine  
  149  10:35  SCV  
  144  10:41  SCV  
  136  10:45  SCV, Marine  
  136  10:47  Marauder, SCV  
  136  10:48  Marauder, Ghost  
  136  10:49  Medivac  
  139  10:51  Marine  
  139  10:56  Starport  
  140  10:58  Medivac, Bunker  
  140  10:59  Factory Tech Lab  
  140  11:02  Marine  
  143  11:08  Sensor Tower, Marine, Ghost  
  143  11:09  Marauder  
  148  11:12  Marine x2  
  148  11:17  Marine  
  151  11:19  Medivac  
  151  11:20  Marine  
  153  11:26  Marine  
  153  11:28  Medivac  
  153  11:30  Marine x2  
  153  11:31  Marauder  
  156  11:34  Ghost  
  156  11:36  Command Center  
  156  11:37  Marauder  
  156  11:38  Marine  
  161  11:44  Marine  
  161  11:45  Siege Tank  
  165  11:48  Marine x2  
  165  11:49  Viking  
  165  11:52  Marine  
  167  11:56  Marine  
  167  11:57  Viking  
  167  11:58  Marine  
  165  12:02  Marine  
  165  12:04  Marauder  
  165  12:06  Marine x2  
  145  12:10  Marauder  
  145  12:14  Marine  
  148  12:16  Marauder  
  148  12:19  Medivac  
  148  12:20  Marine  
  148  12:21  Refinery  
  153  12:23  Marine  
  153  12:24  Marine  
  153  12:25  Siege Tank  
  153  12:26  Marauder  
  153  12:27  Medivac  
  156  12:31  Marine x2  
  158  12:38  Marauder, Marine  
  158  12:41  Viking x2  
  159  12:47  Marauder  
  159  12:49  Medivac  
  159  12:50  Terran Infantry Weapons Level 2  
  163  12:56  Marine  
  163  12:57  Marine  
  160  13:01  Marauder x2  
  160  13:03  Viking  
  160  13:04  Marine  
  161  13:11  Marine  
  158  13:21  Marine  
  158  13:22  Marine  
  158  13:25  Marine  
  158  13:26  Marine x3  
  159  13:29  Marine  
  127  13:36  Planetary Fortress  
  127  13:38  Marine  
  127  13:40  Marine  
  125  13:43  Marine  
  125  13:46  Marine  
  122  13:50  Marauder x2  
  122  13:53  Marine  
  121  13:57  Marine  
  121  13:58  Orbital Command  
  121  13:59  Marine  
  120  14:04  Marauder  
  121  14:12  Marauder x2  
  121  14:14  Siege Tank  
  128  14:19  Marine  
  128  14:20  Marine  
  127  14:25  Marine  
  127  14:26  Marauder  
  127  14:28  Marine  
  131  14:33  Marauder, Marine  
  131  14:36  Marine  
  135  14:38  Marine  
  135  14:44  Marine  
  137  14:46  Siege Tank  
  137  14:47  Marauder  
  137  14:50  Ghost  
  140  14:56  Ghost  
  140  14:57  SCV  
  135  15:00  Marine  
  135  15:02  Marine  
  135  15:05  Marine  
  135  15:06  SCV  
  127  15:07  Marine  
  127  15:09  Marauder  
  127  15:11  SCV  
  112  15:14  SCV  
  112  15:19  Marauder, Siege Tank  
  114  15:25  Marauder  
  110  15:30  Marauder  
  110  15:31  Marine  
  110  15:34  Marine  
  110  15:35  Marine  
  100  15:36  Marine  
  100  15:41  Marauder  
  88  15:46  Marauder  
  88  15:48  Marine  
  88  15:51  Marine  
Show
View Real Time Build Order
Export as new Build Order

herO Protoss - Winner!

Build Orders: Oracle Opening 

Get SALT Encoding   

  12  0:00  Probe  
  13  0:12  Probe  
  14  0:18  Pylon  
  14  0:24  Probe (Chrono Boost)  
  15  0:36  Gateway  
  15  0:37  Probe (Chrono Boost)  
  16  0:44  Probe (Chrono Boost)  
  16  0:45  Assimilator  
  17  0:51  Probe  
  18  1:03  Probe  
  19  1:15  Probe  
  20  1:23  Assimilator  
  20  1:24  Pylon  
  20  1:25  Zealot  
  22  1:28  Cybernetics Core, Probe  
  23  1:42  Probe  
  24  1:54  Probe  
  25  2:03  Adept (Chrono Boost)  
  25  2:06  Stargate  
  27  2:17  Warp Gate  
  27  2:26  Adept  
  27  2:29  Nexus  
  29  2:37  Pylon  
  29  2:38  Probe  
  30  2:50  Probe  
  31  2:52  Oracle (Chrono Boost)  
  34  3:02  Probe  
  35  3:14  Probe (Chrono Boost), Pylon  
  39  3:27  Probe (Chrono Boost)  
  39  3:32  Oracle  
  40  3:37  Probe (Chrono Boost)  
  41  3:41  Probe (Chrono Boost)  
  41  3:44  Gateway  
  41  3:45  Gateway  
  43  3:50  Probe (Chrono Boost)  
  43  3:51  Probe (Chrono Boost)  
  44  3:55  Probe (Chrono Boost)  
  44  4:00  Probe  
  46  4:08  Probe  
  47  4:14  Nexus  
  47  4:15  Pylon  
  47  4:19  Probe  
  47  4:20  Probe  
  49  4:28  Stalker  
  51  4:33  Twilight Council, Forge  
  51  4:36  Probe (Chrono Boost)  
  51  4:37  Probe (Chrono Boost)  
  53  4:45  Assimilator  
  53  4:47  Assimilator  
  53  4:48  Probe (Chrono Boost)  
  53  4:49  Probe (Chrono Boost), Sentry  
  57  4:53  Sentry x2  
  57  4:58  Probe x2 (Chrono Boost)  
  62  5:00  Blink (Chrono Boost)  
  63  5:09  Probe x2  
  63  5:10  Phoenix, Protoss Ground Weapons Level 1 (Chrono Boost)  
  63  5:12  Pylon  
  66  5:21  Probe x2  
  66  5:26  Probe  
  68  5:31  Gateway x2  
  68  5:32  Gateway  
  68  5:36  Probe  
  68  5:37  Probe  
  68  5:38  Probe  
  68  5:40  Shield Battery  
  68  5:42  Shield Battery  
  71  5:45  Robotics Facility  
  71  5:49  Probe x2  
  73  5:52  Stalker  
  75  6:00  Stalker x2  
  75  6:03  Phoenix  
  81  6:09  Probe x2  
  81  6:10  Probe  
  84  6:16  Pylon  
  84  6:18  Stalker  
  86  6:21  Probe x2  
  86  6:22  Probe  
  86  6:24  Photon Cannon  
  89  6:26  Pylon  
  89  6:33  Stalker x2  
  89  6:37  Observer  
  94  6:40  Stalker x3  
  100  6:52  Stalker  
  102  6:55  Pylon x2  
  102  6:56  Charge (Chrono Boost)  
  102  7:06  Assimilator, Probe  
  102  7:07  Assimilator, Probe x2  
  105  7:09  Immortal (Chrono Boost)  
  105  7:11  Robotics Bay  
  107  7:19  Probe x2  
  107  7:22  Stalker x4  
  113  7:37  Zealot x2  
  113  7:38  Immortal (Chrono Boost), Pylon, Shield Battery  
  113  7:39  Shield Battery  
  119  7:54  Pylon  
  119  7:56  Pylon  
  119  7:57  Zealot, Pylon  
  119  7:58  Zealot x4  
  115  8:06  Zealot  
  115  8:08  Colossus (Chrono Boost)  
  119  8:13  Extended Thermal Lance  
  119  8:20  Zealot x4  
  119  8:21  Zealot  
  119  8:39  Stalker  
  121  8:43  Stalker x3  
  121  8:44  Protoss Ground Armor Level 1 (Chrono Boost)  
  104  8:58  Probe  
  104  8:59  Probe  
  104  9:01  Phoenix  
  104  9:03  Colossus (Chrono Boost)  
  104  9:09  Pylon  
  110  9:12  Probe x2  
  110  9:15  Nexus  
  112  9:20  Sentry  
  112  9:21  Zealot x2  
  118  9:31  Shield Battery  
  118  9:46  Robotics Facility  
  118  9:47  Disruptor (Chrono Boost)  
  118  9:51  Zealot x4, Sentry  
  118  9:52  Zealot  
  123  10:14  Disruptor (Chrono Boost)  
  123  10:15  Stalker x4  
  123  10:19  Probe x2  
  123  10:20  Zealot  
  123  10:21  Zealot  
  133  10:40  Zealot x4  
  133  10:41  Warp Prism (Chrono Boost)  
  135  10:51  Sentry x2  
  139  11:01  Stalker x3, Zealot  
  147  11:08  Probe  
  147  11:09  Probe  
  149  11:13  Probe  
  149  11:15  Assimilator  
  150  11:19  Zealot x2  
  150  11:21  Probe x2  
  146  11:31  Protoss Ground Weapons Level 2 (Chrono Boost)  
  146  11:34  Probe x2 (Chrono Boost)  
  146  11:35  Probe (Chrono Boost)  
  149  11:46  Probe (Chrono Boost)  
  149  11:47  Probe x2 (Chrono Boost)  
  152  11:50  Zealot  
  152  11:51  Zealot  
  144  12:10  Disruptor x2 (Chrono Boost)  
  144  12:11  Zealot x3  
  156  12:16  Pylon  
  156  12:19  Pylon  
  156  12:26  Nexus  
  152  12:32  Probe x3  
  152  12:34  Pylon  
  155  12:43  Disruptor x2 (Chrono Boost)  
  149  12:48  Stalker x4  
  149  12:50  Zealot  
  147  13:05  Zealot  
  147  13:07  Probe  
  147  13:08  Probe x2  
  147  13:11  Stalker x3  
  147  13:12  Stalker  
  132  13:35  Zealot x6  
  132  13:38  Colossus (Chrono Boost)  
  144  13:43  Colossus (Chrono Boost)  
  144  13:48  Protoss Ground Weapons Level 3 (Chrono Boost)  
  156  14:05  Probe  
  156  14:06  Probe x3  
  156  14:08  Assimilator x2  
  160  14:10  Zealot x4, Sentry  
  160  14:15  Zealot  
  172  14:27  Colossus x2 (Chrono Boost)  
  184  14:36  Gateway x2  
  184  14:41  Zealot x3  
  184  14:42  Zealot  
  164  15:02  Stalker x6  
  134  15:14  Disruptor (Chrono Boost)  
  134  15:16  Immortal (Chrono Boost)  
  141  15:21  Probe x4  
  141  15:27  Zealot x4  
  141  15:28  Zealot  
  137  15:37  Zealot  
  137  15:38  Zealot x2  
Tags
 
Add a new tag
Caveats
  • Supply blocks, unpowered buildings, or Contaminate may cause inaccurate times.
  • Supply counts are checked every 10 seconds.